Workbook
Name \a: #REF!
Name \m: #REF!
Name \n: #REF!
Name \o: #REF!
Name _______ss1: #REF!
Name _____ss1: #REF!
Name ____Num2: #REF!
Name ____ss1: #REF!
Name ___Num2: #REF!
Name ___SP1: [1]FES!#REF!
Name ___SP10: [1]FES!#REF!
Name ___SP11: [1]FES!#REF!
Name ___SP12: [1]FES!#REF!
Name ___SP13: [1]FES!#REF!
Name ___SP14: [1]FES!#REF!
Name ___SP15: [1]FES!#REF!
Name ___SP16: [1]FES!#REF!
Name ___SP17: [1]FES!#REF!
Name ___SP18: [1]FES!#REF!
Name ___SP19: [1]FES!#REF!
Name ___SP2: [1]FES!#REF!
Name ___SP20: [1]FES!#REF!
Name ___SP3: [1]FES!#REF!
Name ___SP4: [1]FES!#REF!
Name ___SP5: [1]FES!#REF!
Name ___SP7: [1]FES!#REF!
Name ___SP8: [1]FES!#REF!
Name ___SP9: [1]FES!#REF!
Name __Num2: #REF!
Name __SP1: [1]FES!#REF!
Name __SP10: [1]FES!#REF!
Name __SP11: [1]FES!#REF!
Name __SP12: [1]FES!#REF!
Name __SP13: [1]FES!#REF!
Name __SP14: [1]FES!#REF!
Name __SP15: [1]FES!#REF!
Name __SP16: [1]FES!#REF!
Name __SP17: [1]FES!#REF!
Name __SP18: [1]FES!#REF!
Name __SP19: [1]FES!#REF!
Name __SP2: [1]FES!#REF!
Name __SP20: [1]FES!#REF!
Name __SP3: [1]FES!#REF!
Name __SP4: [1]FES!#REF!
Name __SP5: [1]FES!#REF!
Name __SP7: [1]FES!#REF!
Name __SP8: [1]FES!#REF!
Name __SP9: [1]FES!#REF!
Name __ss1: #REF!
Name _Num2: #REF!
Name _SP1: [2]FES!#REF!
Name _SP10: [2]FES!#REF!
Name _SP11: [2]FES!#REF!
Name _SP12: [2]FES!#REF!
Name _SP13: [2]FES!#REF!
Name _SP14: [2]FES!#REF!
Name _SP15: [2]FES!#REF!
Name _SP16: [2]FES!#REF!
Name _SP17: [2]FES!#REF!
Name _SP18: [2]FES!#REF!

Sheet раздел 1
A7: П Р Е Д Л О Ж Е Н И Е
A8: на электрическую энергию (мощность), отпускаемую
A9: структурным подразделением "ТЭЦ Восточная" АО "ДГК" в вынужденном режиме
A10: на 2027 год
A12: Акционерное общество "Дальневосточная генерирующая компания" (АО "ДГК")
A13: (полное и сокращенное наименование юридического лица)
A16: I. Информация об организации
A18: Полное наименование: Акционерное общество «Дальневосточная генерирующая компания»
A19: Сокращенное наименование: АО "ДГК"
A20: Место нахождения: 680000, г.Хабаровск, ул.Фрунзе, 49
A21: Фактический адрес: 680000, г.Хабаровск, ул.Фрунзе, 49
A22: ИНН: 1434031363
... A27: Факс:

Sheet раздел 2
A1: II. Основные показатели деятельности организации
A3: Наименование показателей | C3: Единица измерения | D3: Фактические показатели за 2025 год | E3: Утверждено на 2026 год | G3: Предложения на расчетный период регулирования (2027 год)
A4: 3. Основные показатели деятельности генерирующих объектов
A5: 1. | B5: Установленная мощность | C5: МВт | D5: =вспом!I9 -> 139.46 | E5: =вспом!J9 -> 139.46 | G5: =вспом!L9 -> 139.46
A6: 2. | B6: Среднегодовое значение положительных разниц объемов располагаемой мощности и объемов потребления мощности на собственные и (или) хозяйственные нужды | C6: МВт | D6: =вспом!I10 -> 83.79375 | E6: =вспом!J10 -> 84.59175 | G6: =вспом!L10 -> 83.941583
A7: 3. | B7: Производство электрической энергии | C7: млн. кВт·ч | D7: ='вспом 4'!I8 -> 176.94 | E7: ='вспом 4'!K8 -> 65 | G7: =вспом!L11 -> 65
A8: 4. | B8: Полезный отпуск электрической энергии | C8: млн. кВт·ч | D8: ='вспом 4'!I23 -> 130.59 | E8: =вспом!J13 -> 21.583 | G8: =вспом!L13 -> 27.42
A9: 5. | B9: Отпуск тепловой энергии с коллекторов | C9: тыс. Гкал | D9: ='вспом 4'!I27 -> 846.18 | E9: =вспом!J14 -> 851 | G9: =вспом!L14 -> 809
A10: 6. | B10: Отпуск тепловой энергии в сеть | C10: тыс. Гкал | D10: =D9-'вспом 4'!I29 -> 845.67 | E10: =вспом!J15 -> 850.445 | G10: =вспом!L15 -> 808.44
A11: 7. | B11: Необходимая валовая выручка - всего | C11: млн. рублей | D11: =D14 -> 1633.4276 | E11: =E14 -> 298.03113 | F11: =F14 -> 324867.11 | G11: =G14 -> 414.56865
B12: в том числе:
A13: 7.1. | B13: относимая на электрическую энергию | C13: млн. рублей | D13: х | E13: х | G13: х
A14: 7.2. | B14: относимая на электрическую мощность | C14: млн. рублей | D14: 1633.4276 | E14: =вспом!J62/1000 -> 298.03113 | F14: =вспом!K62 -> 324867.11 | G14: =вспом!$L$62/1000 -> 414.56865
A15: 7.3. | B15: относимая на тепловую энергию, отпускаемую с коллекторов источников | C15: млн. рублей | D15: х | E15: х | G15: х
A16: 8. | B16: Топливо - всего | D16: =D20 -> х | E16: х | F16: =F18+F20 -> 0 | G16: х
B17: в том числе:
A18: 8.1. | B18: топливо на электрическую энергию | C18: млн. рублей | D18: х | E18: х | G18: х
B19: удельный расход условного топлива на электрическую энергию | C19: г/кВт·ч | D19: ='вспом 4'!I24 -> 262.45 | E19: ='вспом 4'!K24 -> 233.5 | F19: 404.1 | G19: ='вспом 4'!L24 -> 233.5
A20: 8.2. | B20: топливо на тепловую энергию | C20: млн. рублей | D20: х | E20: х | G20: х
B21: удельный расход условного топлива на тепловую энергию | C21: кг/Гкал | D21: ='вспом 4'!I28 -> 142.49 | E21: ='вспом 4'!K28 -> 155.8 | F21: 404.1 | G21: ='вспом 4'!L28 -> 158.34
B22: реквизиты решения по удельному расходу условного топлива на отпуск тепловой и электрической энергии | D22: Фактические показатели за 2025 год | E22: Приказ МЭ России от 14.11.2025 №1492 | G22: на момент формирования тарифного предложения утвержденных нормативов на 2027 год нет
A23: 9. | B23: Амортизация | C23: млн. рублей | D23: =вспом!I20/1000 -> 962.13945 | E23: =вспом!J20/1000 -> 832.34279 | F23: =вспом!K20 -> 851586.08 | G23: =вспом!L20/1000 -> 849.04487
A24: 10. | B24: Показатели численности персонала и фонда оплаты труда по регулируемым видам деятельности:
A25: 10.1. | B25: среднесписочная численность персонала | C25: человек | D25: ='вспом 6'!H15 -> 148.69957 | E25: ='вспом 6'!I15 -> 148.49496 | G25: ='вспом 6'!K15 -> 148.49496
A26: 10.2. | B26: среднемесячная заработная плата на одного работника | C26: тыс. рублей на человека | D26: ='вспом 6'!H40 -> 139216.75 | E26: ='вспом 6'!I40 -> 125887.53 | G26: ='вспом 6'!K40 -> 158967.11
A27: 10.3. | B27: реквизиты отраслевого тарифного соглашения (дата утверждения, срок действия) | D27: ОТС на 2025-2027 гг от 25.12.2024
A28: 11. | B28: Расходы на производство - всего | C28: млн. рублей | D28: =D31 -> 1633.4276 | E28: =E31 -> 298.03113 | F28: =F31 -> 0 | G28: =G31 -> 414.56865
B29: в том числе:
A30: 11.1. | B30: относимые на электрическую энергию | C30: млн. рублей | D30: =D13 -> х | E30: =E13 -> х | G30: х
A31: 11.2. | B31: относимые на электрическую мощность | C31: млн. рублей | D31: =D14 -> 1633.4276 | E31: =E14 -> 298.03113 | G31: =вспом!$L$62/1000 -> 414.56865
A32: 11.3. | B32: относимые на тепловую энергию, отпускаемую с коллекторов источников | C32: млн. рублей | D32: х | E32: х | G32: х
A33: 12. | B33: Объем перекрестного субсидирования - всего | D33: 0 | E33: 0 | G33: =вспом!$L$53 -> 0
B34: в том числе:
A35: 12.1. | B35: от производства тепловой энергии | C35: млн. рублей
A36: 12.2. | B36: от производства электрической энергии | C36: млн. рублей
A37: 13. | B37: Необходимые расходы из прибыли - всего | D37: 0 | E37: 0 | G37: 0
B38: в том числе:
A39: 13.1. | B39: относимые на электрическую энергию | C39: млн. рублей
A40: 13.2. | B40: относимые на электрическую мощность | C40: млн. рублей
A41: 13.3. | B41: относимые на тепловую энергию, отпускаемую с коллекторов источников | C41: млн. рублей
A42: 14. | B42: Капитальные вложения из прибыли (с учетом налога на прибыль) - всего | D42: 0 | E42: 0 | G42: 0
B43: в том числе:
A44: 14.1. | B44: относимые на электрическую энергию | C44: млн. рублей
A45: 14.2. | B45: относимые на электрическую мощность | C45: млн. рублей
A46: 14.3. | B46: относимые на тепловую энергию, отпускаемую с коллекторов источников | C46: млн. рублей
A47: 15. | B47: Чистая прибыль (убыток) | C47: млн. рублей | D47: 0 | E47: 0 | G47: 0
A48: 16. | B48: Рентабельность продаж (величина прибыли от продажи в каждом рубле выручки) | C48: процент | D48: 0 | E48: 0 | G48: 0
A49: 17. | B49: Реквизиты инвестиционной программы (кем утверждена, дата утверждения, номер приказа или решения, электронный адрес размещения) | D49: По объектам электроэнергетики инвестиционная программа не утверждается | H49: уточнить!
A52: <*> Базовый период - год, предшествующий расчетному периоду регулирования.
A53: <**> Заполняются организацией, осуществляющей оперативно-диспетчерское управление в электроэнергетике.
A54: <***> Заполняются сетевыми организациями, осуществляющими передачу электрической энергии (мощности) по электрическим сетям.
A55: <****> Заполняются коммерческим оператором оптового рынка электрической энергии (мощности).
A57: Примечания: 1. Предложение о размере цен (тарифов) акционерного общества "Российский концерн по производству электрической и тепловой энергии на атомных станциях" заполняется в целом по компании.
A58: 2. При подготовке предложений о размере цен (тарифов) с целью поставки электрической энергии по регулируемым договорам позиции 9, 10, 12, 13 и 14 раздела 3 "Основные показатели деятельности генерирующих объектов" не заполняются.

Sheet раздел 3
A2: III. Цены (тарифы) по регулируемым видам деятельности организации
A4: Наименование показателей | C4: Единица изменения | D4: ='раздел 2'!D3 -> Фактические показатели за 2025 год | F4: Утверждено на 2026 год | H4: ='раздел 2'!G3 -> Предложения на расчетный период регулирования (2027 год) | J4: проверка, столюец скрыть для сайта
D5: первое полугодие | E5: второе полугодие | F5: первое полугодие | G5: второе полугодие | H5: первое полугодие | I5: второе полугодие
A6: 1. | B6: Для организаций, относящихся к субъектам естественных монополий:
A7: 1.1. | B7: услуги по оперативно-диспетчерскому управлению в электроэнергетике:
B8: тариф на услуги по оперативно-диспетчерскому управлению в электроэнергетике в части управления технологическими режимами работы объектов электроэнергетики и энергопринимающих устройств потребителей электрической энергии, обеспечения функционирования технологической инфраструктуры оптового и розничных рынков и осуществления проектирования развития электроэнергетических систем, оказываемые акционерным обществом "Системный оператор Единой энергетической системы" | C8: рублей/МВт в месяц
B9: предельный максимальный уровень цен (тарифов) на услуги по оперативно-диспетчерскому управлению в электроэнергетике в части обеспечения надежности функционирования электроэнергетики путем организации отбора исполнителей и оплаты услуг по обеспечению системной надежности, оказываемые акционерным обществом "Системный оператор Единой энергетической системы" | C9: рублей/МВт·ч
A10: 1.2. | B10: услуги по передаче электрической энергии:
B11: двухставочный тариф:
B12: ставка на содержание сетей | C12: рублей/МВт в месяц
B13: ставка на оплату технологического расхода (потерь) | C13: рублей/МВт·ч
B14: одноставочный тариф | C14: рублей/МВт·ч
A15: 2. | B15: Для коммерческого оператора | C15: рублей/МВт·ч
A16: 3. | B16: Для гарантирующих поставщиков:
A17: 3.1. | B17: величина сбытовой надбавки для населения и приравненных к нему категорий потребителей | C17: рублей/МВт·ч
A18: 3.2. | B18: величина сбытовой надбавки для сетевых организаций, покупающих электрическую энергию для компенсации потерь электрической энергии | C18: рублей/МВт·ч
A19: 3.3. | B19: величина сбытовой надбавки для прочих потребителей: | C19: рублей/МВт·ч
B20: менее 670 кВт | C20: рублей/МВт·ч
B21: от 670 кВт до 10 МВт | C21: рублей/МВт·ч
B22: не менее 10 МВт | C22: рублей/МВт·ч
A23: 4. | B23: Для генерирующих объектов:
A24: 4.1. | B24: цена на электрическую энергию | C24: рублей/тыс. кВт·ч | D24: х | E24: х | F24: х | G24: х | H24: х | I24: х
B25: в том числе топливная составляющая | C25: рублей/тыс. кВт·ч | D25: х | E25: х | F25: х | G25: х | H25: х | I25: х
A26: 4.2. | B26: цена на генерирующую мощность, поставляемую в вынужденном режиме | C26: рублей/МВт в месяц | D26: 1124359.9 | E26: =вспом!H67 -> 1187931.2 | F26: =G26 -> 293597.51 | G26: =вспом!J67 -> 293597.51 | H26: =G26 -> 293597.51 | I26: =вспом!L67 -> 411564.64 | J26: =вспом!$L$67 -> 411564.64 | K26: если ставка снижается - действует весь год!
A27: 4.3. | B27: средний одноставочный тариф на тепловую энергию | C27: рублей/Гкал
A28: 4.3.1. | B28: одноставочный тариф на горячее водоснабжение | C28: рублей/Гкал
A29: 4.3.2. | B29: тариф на отборный пар давлением: | C29: рублей/Гкал
B30: 1,2 - 2,5 кг/см2 | C30: рублей/Гкал
B31: 2,5 - 7,0 кг/см2 | C31: рублей/Гкал
B32: 7,0 - 13,0 кг/см2 | C32: рублей/Гкал
B33: > 13 кг/см2 | C33: рублей/Гкал
A34: 4.3.3. | B34: тариф на острый и редуцированный пар | C34: рублей/Гкал
A35: 4.4. | B35: двухставочный тариф на тепловую энергию
A36: 4.4.1. | B36: ставка на содержание тепловой мощности | C36: рублей/Гкал/ч в месяц
A37: 4.4.2. | B37: тариф на тепловую энергию | C37: рублей/Гкал
A38: 4.5. | B38: средний тариф на теплоноситель, в том числе: | C38: рублей/куб. метр
B39: вода | C39: рублей/куб. метр
B40: пар | C40: рублей/куб. метр
K41: скрыть столбец до размещения на сайте

Sheet вспом
D1: Список листов | P1: Таблица 1
D2: Сводный расчёт цен на электрическую энергию (мощность) на 2027 г. ГТУ-ТЭЦ на площадке ЦПВБ в г. Владивостоке НВ АО "ДГК"
D4: № п/п | E4: Показатели | G4: Единица измерения | H4: 2025 | J4: 2026 | L4: 2027 | M4: Темп роста к 2026, % | O4: Темп роста к 2025, %
H6: План (утв. органами регулирования)1 | I6: Факт | J6: План (утв. органами регулирования)1 | K6: Факт | L6: Предложение станции | M6: План | N6: Факт | O6: План | P6: Факт
D7: 1 | E7: 2 | G7: 3 | H7: 4 | I7: 5 | J7: 6 | K7: 7 | L7: 8 | M7: 9 | N7: 10 | O7: 11 | P7: 12
D9: 1 | E9: Установленная мощность | F9: L1 | G9: МВт | H9: 139.46 | I9: 139.46 | J9: 139.46 | K9: 139.46 | L9: 139.46 | M9: 100 | N9: 100 | O9: 100 | P9: 100
D10: 2 | E10: Среднегодовое значение положительных разниц объемов располагаемой мощности и объемов потребления мощности на собственные и (или) хозяйственные нужды | F10: L2 | G10: МВт | H10: 83.498417 | I10: 83.79375 | J10: 84.59175 | K10: 84.59175 | L10: 83.941583 | M10: 99.231407 | N10: 99.231407 | O10: 100.53075 | P10: 100.17643
D11: 3 | E11: Производство электроэнергии | F11: L3 | G11: млн.кВтч | H11: 310 | I11: 310 | J11: 65 | K11: 65 | L11: 65 | M11: 100 | N11: 100 | O11: 20.967742 | P11: 20.967742
D12: 4 | E12: Отпуск с шин | F12: L4 | G12: млн.кВтч | H12: 276.77736 | I12: 276.77736 | J12: 25.466252 | K12: 25.466252 | L12: 52.88 | M12: 207.64736 | N12: 207.64736 | O12: 19.105609 | P12: 19.105609
D13: 5 | E13: Полезный отпуск электроэнергии | F13: L5 | G13: млн.кВтч | H13: 272.7999 | I13: 272.7999 | J13: 21.583 | K13: 21.583 | L13: 27.42 | M13: 127.04443 | N13: 127.04443 | O13: 10.051323 | P13: 10.051323
D14: 6 | E14: Отпуск теплоэнергии с коллекторов | F14: L6 | G14: тыс.Гкал | H14: 75.151165 | I14: 75.151165 | J14: 851 | K14: 851 | L14: 809 | M14: 95.06463 | N14: 95.06463 | O14: 1076.497 | P14: 1076.497
D15: 7 | E15: Отпуск теплоэнергии в сеть | F15: L7 | G15: тыс.Гкал | H15: 74.636165 | I15: 74.636165 | J15: 850.445 | K15: 850.445 | L15: 808.44 | M15: 95.060821 | N15: 95.060821 | O15: 1083.1746 | P15: 1083.1746
D16: 8 | E16: Расходы, связанные с производством продукции, определяемые прямым счётом | F16: L8 | G16: тыс.руб. | H16: 1156532.5 | I16: 1408714.4 | J16: 2370530.7 | K16: 2490779 | L16: 1540758 | M16: 64.996331 | N16: 61.858478 | O16: 133.22219 | P16: 109.37334
D17: 8.1 | E17: топливо всего, в т.ч.: | F17: L8.1 | G17: тыс.руб. | H17: 0 | I17: 0 | J17: 1123941.7 | K17: 1123941.7 | L17: 0 | M17: 0 | N17: 0 | O17: 0 | P17: 0
D18: 8.1.2 | E18: топливо на э/э | F18: L8.1.2 | G18: тыс.руб. | H18: 0 | I18: 0 | J18: 48244.193 | K18: 48244.193 | L18: 0 | M18: 0 | N18: 0 | O18: 0 | P18: 0
D19: 8.1.3 | E19: топливо на т/э | F19: L8.1.3 | G19: тыс.руб. | H19: 0 | I19: 0 | J19: 1075697.5 | K19: 1075697.5 | L19: 0 | M19: 0 | N19: 0 | O19: 0 | P19: 0
D20: 8.2 | E20: амортизация основных средств | F20: L8.2 | G20: тыс.руб. | H20: 959427.29 | I20: 962139.45 | J20: 832342.79 | K20: 851586.08 | L20: 849044.87 | M20: 102.00663 | N20: 99.701591 | O20: 88.494968 | P20: 88.245511
... D32: 8.7 | E32: расходы на безопасность | F32: L8.7 | G32: тыс.руб. | H32: 18319.307 | I32: 23523.374 | J32: 21290.251 | K32: 34273.192 | L32: 220109.28 | M32: 1033.8501 | N32: 642.21996 | O32: 1201.5153 | P32: 935.70454
D33: 8.8 | E33: % за пользование инвестиционными кредитами, принятые в расчёт | F33: L8.9 | G33: тыс.руб. | L33: 0
D34: 8.9 | E34: капитальные вложения производственного характера из прибыли | F34: L8.8 | G34: тыс.руб. | H34: 0 | I34: 0 | J34: 0 | K34: 0 | L34: 0 | M34: 0 | N34: 0 | O34: 0 | P34: 0
D35: 8.10 | E35: незапланированные расходы (полученные избытки), связанные с отклонением индексов ИПЦ и ИЦП (НРi)2 | L35: 0
D36: 8.11 | E36: прибыль (-) / убыток (+) от продажи электрической энергии по ценам РСВ (ФРПЛ/Ф) | F36: L8.9 | G36: тыс.руб. | H36: -200495.37 | J36: -22646.509 | K36: 0 | L36: 0 | M36: 0 | N36: 0 | O36: 0 | P36: 0
D37: 8.12 | E37: отклонение плановой от фактической прибыли (-) / убытка (+) от продажи электрической энергии (∆ФРП-Фi-2)3 | F37: L8.10 | G37: тыс.руб. | I37: 0 | L37: 0 | M37: 0 | N37: 0 | O37: 0 | P37: 0
D38: 8.13 | E38: налог на прибыль | F38: L8.10 | G38: тыс.руб. | H38: 0 | I38: 0 | J38: 0 | K38: 0 | L38: 0 | M38: 0 | N38: 0 | O38: 0 | P38: 0
D40: 9 | E40: Налогооблагаемая прибыль4 | F40: L9 | G40: тыс.руб. | H40: 0 | I40: 0 | J40: 0 | K40: 0 | L40: 0 | M40: 0 | N40: 0 | O40: 0 | P40: 0
E42: Справочно: амортизация, учитываемая при налогообложении | F42: L9.1 | G42: тыс.руб. | H42: 959427.29 | I42: 962139.45 | J42: 832342.79 | K42: 851586.08 | L42: 849044.87 | M42: 102.00663 | N42: 99.701591 | O42: 88.494968 | P42: 88.245511
D44: 10 | E44: ИТОГО расходы, связанные с производством продукции, определяемые прямым счётом | F44: L10 | G44: тыс.руб. | H44: 1156532.5 | I44: 1408714.4 | J44: 2370530.7 | K44: 2490779 | L44: 1540758 | M44: 64.996331 | N44: 61.858478 | O44: 133.22219 | P44: 109.37334
D45: 10.1 | E45: электрическая энергия | F45: L10.1 | G45: тыс.руб. | H45: 972746.42 | I45: 1218041.7 | J45: 108936.31 | K45: 135772.29 | L45: 166806.44 | M45: 153.12291 | N45: 122.8575 | O45: 17.147988 | P45: 13.694641
D46: 10.2 | E46: тепловая энергия с коллекторов | F46: L10.2 | G46: тыс.руб. | H46: 183786.1 | I46: 190672.65 | J46: 2261594.4 | K46: 2355006.8 | L46: 1373951.6 | M46: 60.751457 | N46: 58.341725 | O46: 747.58185 | P46: 720.58136
D47: 10.3 | E47: прочая продукция (услуги), в части расходов, определяемых прямым счётом (учтенные в п.7), из них: | F47: L10.3 | G47: тыс.руб. | M47: 0 | N47: 0 | O47: 0 | P47: 0
D48: 10.4 | E48: условно-постоянные расходы, в том числе: | F48: L10.4 | G48: тыс.руб. | H48: 1155970 | I48: 1408428.3 | J48: 1246539.4 | K48: 1366787.8 | L48: 1540686.5 | M48: 123.59709 | N48: 112.72317 | O48: 133.28084 | P48: 109.39048
D49: 10.4.1 | E49: электрическая энергия | F49: L10.4.1 | G49: тыс.руб. | H49: 929662.3 | I49: 1217755.6 | J49: 60642.511 | K49: 87478.491 | L49: 166734.93 | M49: 274.94728 | N49: 190.60106 | O49: 17.935 | P49: 13.691987
D50: 10.4.2 | E50: тепловая энергия с коллекторов | F50: L10.4.2 | G50: тыс.руб. | H50: 176967.25 | I50: 190672.65 | J50: 1185896.9 | K50: 1279309.3 | L50: 1373951.6 | M50: 115.85759 | N50: 107.39792 | O50: 776.38745 | P50: 720.58136
D51: 10.4.3 | E51: прочая продукция (услуги), в части расходов, определяемых прямым счётом (учтенные в п.7) | F51: L10.4.3 | G51: тыс.руб. | H51: 49340.438 | M51: 0 | N51: 0 | O51: 0 | P51: 0
D53: 11 | E53: Объем перекрестного субсидирования всего, в том числе: | F53: L11 | G53: тыс.руб. | H53: 0 | I53: 0 | J53: 0 | K53: 0 | L53: 0 | M53: 0 | N53: 0 | O53: 0 | P53: 0
D54: 11.1 | E54: от производства тепловой энергии5 | F54: L11.1 | G54: тыс.руб. | M54: 0 | N54: 0 | O54: 0 | P54: 0
D55: 11.2 | E55: от передачи тепловой энергии5 | F55: L11.2 | G55: тыс.руб. | M55: 0 | N55: 0 | O55: 0 | P55: 0
D57: 12 | E57: Типовые прочие расходы на содержание генерирующего объекта | F57: L12 | G57: тыс.руб. | H57: 218100.65 | I57: 218100.65 | J57: 237388.62 | K57: 237388.62 | L57: 247833.72
E59: РАсчёт ЦЕН НА ЭЛЕКТРИЧЕСКУЮ ЭНЕРГИЮ И МОЩНОСТЬ
D60: 13 | E60: Расходы на производство электрической энергии (мощности) | F60: L13 | G60: тыс.руб. | H60: 1190847.1 | I60: 1436142.4 | J60: 346324.93 | K60: 373160.91 | L60: 414640.16 | M60: 119.72576 | N60: 111.11565 | O60: 34.818926 | P60: 28.8718
D61: 13.2.1 | E61: относимые на энергию | F61: L13.2.1 | G61: тыс.руб. | H61: 562.53031 | I61: 286.12269 | J61: 48293.799 | K61: 48293.799 | L61: 71.508947 | M61: 0.14807066 | N61: 0.14807066 | O61: 12.712017 | P61: 24.992407
D62: 13.2.2 | E62: относимые на мощность | F62: L13.2.2 | G62: тыс.руб. | H62: 1190284.5 | I62: 1435856.3 | J62: 298031.13 | K62: 324867.11 | L62: 414568.65 | M62: 139.10247 | N62: 127.61176 | O62: 34.829374 | P62: 28.872573
D63: 14 | E63: Среднеотпускная цена на электрическую энергию | F63: l14 | G63: руб/тыс.кВтч | H63: 4365.2768 | I63: 5264.4535 | J63: 16046.19 | K63: 17289.575 | L63: 15121.815 | M63: 94.239283 | N63: 87.462036 | O63: 346.41136 | P63: 287.24377
D64: 15 | E64: Цена на электрическую энергию, в том числе: | F64: L15 | G64: руб/тыс.кВтч | H64: 2.062062 | I64: 1.0488372 | J64: 2237.5851 | K64: 2237.5851 | L64: 2.607912 | M64: 0.11655029 | N64: 0.11655029 | O64: 126.47108 | P64: 248.64793
D65: 15.1 | E65: топливная составляющая | F65: L15.1 | G65: руб/тыс.кВтч | H65: 0 | I65: 0 | J65: 2235.2867 | K65: 2235.2867 | L65: 0 | M65: 0 | N65: 0 | O65: 0 | P65: 0
D66: 16 | E66: Удельные типовые прочие расходы на содержание генерирующего объекта | F66: L16 | G66: руб/МВт мес | H66: 130324.5 | I66: 130324.5 | J66: 141849.88 | K66: 141849.88 | L66: 148091.28 | M66: 104.4 | N66: 104.4 | O66: 113.63273 | P66: 113.63273
D67: 17 | E67: Цена на генерирующую мощность6 | F67: L17 | G67: руб/МВт мес | H67: 1187931.2 | I67: 1427966.7 | J67: 293597.51 | K67: 320034.27 | L67: 411564.64 | M67: 140.17988 | N67: 128.60018 | O67: 34.645493 | P67: 28.821725
D68: 17.1 | E68: цена на генерирующую мощность среднегодовая7 | F68: L18 | G68: руб/МВт мес | K68: 320034.27
E70: СПРАВОЧНО
D72: 18 | E72: Количество месяцев в периоде регулирования | F72: L18 | G72: мес. | H72: 12 | I72: 12 | J72: 12 | K72: 12 | L72: 12
D73: 19 | E73: Удельный вес расхода топлива на э/э | F73: L19 | G73: % | H73: 86.18 | I73: 86.18 | J73: 4.2924108 | K73: 4.2924108 | L73: 8.7917124 | M73: 204.81992 | N73: 204.81992 | O73: 10.201569 | P73: 10.201569
D74: 20 | E74: Сумма долей в структуре топливного баланса природного газа, продуктов газо- и нефтепереработки | F74: L20 | G74: % | H74: 100 | I74: 100 | J74: 100 | K74: 100 | L74: 100 | M74: 100 | N74: 100 | O74: 100 | P74: 100
D75: 21 | E75: Сумма долей в структуре топливного баланса угля и торфа | F75: L21 | G75: % | H75: 0 | I75: 0 | J75: 0 | K75: 0 | L75: 0 | M75: 0 | N75: 0 | O75: 0 | P75: 0
D76: 22 | E76: Удельные типовые прочие расходы генерирующего объекта газовой генерации | F76: L22 | G76: тыс.руб. | H76: 130324.5 | J76: 141849.88 | L76: 148091.28 | M76: 104.4 | N76: 0 | O76: 113.63273 | P76: 0
D77: 23 | E77: Удельные типовые прочие расходы генерирующего объекта угольной генерации | F77: L23 | G77: тыс.руб. | H77: 160711.1 | J77: 174923.76 | L77: 182620.4 | M77: 104.4 | N77: 0 | O77: 113.63273 | P77: 0
D78: 24 | E78: Прогнозная (фактическая) цена продажи электрической энергии на РСВ8 | F78: L24 | G78: руб/тыс.кВтч | H78: 2731.2037 | J78: 3595 | M78: 0 | N78: 0 | O78: 0 | P78: 0
D79: 25 | E79: Полезный отпуск электрической энергии:9 | F79: L25 | G79: млн.кВтч | H79: 272.7999 | I79: 0 | J79: 21.583 | K79: 0 | L79: 27.42 | M79: 127.04443 | N79: 0 | O79: 10.051323 | P79: 0
D80: 25.1 | E80: полезный отпуск по РД10 | G80: млн.кВтч | H80: 61.926868 | J80: 4.8994431 | M80: 0 | N80: 0 | O80: 0 | P80: 0
D81: 25.2 | E81: полезный отпуск по ценам РСВ11 | G81: млн.кВтч | H81: 210.87303 | J81: 16.683557 | L81: 27.42 | M81: 164.35344 | N81: 0 | O81: 13.003085 | P81: 0
D82: 25.3 | E82: полезный отпуск прочий (БР, СДД, СДЭМ)11 | G82: млн.кВтч | H82: 0 | J82: 0 | L82: 0 | M82: 0 | N82: 0 | O82: 0 | P82: 0
D83: 26 | E83: Ставки налогов: | F83: L26
D84: 26.1 | E84: на прибыль | F84: L22.1 | G84: % | H84: 25 | I84: 25 | J84: 25 | K84: 25 | L84: 25 | M84: 100 | N84: 100 | O84: 100 | P84: 100
D85: 26.2 | E85: ЕСН | F85: L22.2 | G85: % | H85: 30.060783 | I85: 30.98076 | J85: 30.418366 | K85: 30.98076 | L85: 30.98076 | M85: 101.84886 | N85: 100 | O85: 103.06039 | P85: 100
D86: 27 | E86: Индекс цен производителей промышленной продукции (ИЦП) | F86: L22.3 | G86: % | H86: 105.1 | I86: 105.1 | J86: 104.9 | K86: 104.9 | L86: 104.4 | M86: 99.523356 | N86: 99.523356 | O86: 99.333968 | P86: 99.333968
D87: 28 | E87: Индекс потребительских цен (ИПЦ) | F87: L22.4 | G87: % | H87: 105.8 | I87: 105.8 | J87: 105.1 | K87: 105.1 | L87: 104 | M87: 98.953378 | N87: 98.953378 | O87: 98.298677 | P87: 98.298677
D89: 1 | E89: - заполняется только по электростанциям, для которых тарифы на электрическую энергию (мощность) определялись методом экономически-обоснованных расходов, либо в логике методик по расчёту тарифов для «Вынужденных» и «Самых дорогих» генераторов
D91: 2 | E91: - указывается только по электростанциям, для которых тарифы на электрическую энергию (мощность) определялись в логике методик по расчёту тарифов для «Вынужденных» и «Самых дорогих» генераторов в 2025 году
D92: 3 | E92: - на 2026г. указывается значение только по электростанциям, для которых тарифы на электрическую энергию (мощность) определялись в логике методик по расчёту тарифов для «Вынужденных» генераторов (значение пункта 8.9 "Отклонение фактической прибыли (-) / убытка (+) от продажи электрической энергии в 2025 году от ее планового значения" прошлогоднего расчёта)
D93: 4 | E93: - начиная с 2026г. в расчёте налогооблагаемой прибыли (План) учитываются показатели НРi и ∆ФРП-Фi-2
D94: 5 | E94: - по факту указываются суммы, учтенные региональным регулирующим органом при утверждении тарифов на тепловую энергию
D95: 6 | E95: - на 2025 год по плану (утв. органами регулирования) указывается значение ставки в соответствии с приказом ФСТ России)
D96: 7 | E96: - для генерирующих объектов, осуществляющих поставку мощности в вынужденном режиме в 2026 году, на 2026 год указывается среднее значение ставки, с учетом пересмотра ставок за мощность с 1 июля 2026г.
D97: 8 | E97: - по факту указывается средневзвешенная за период цена продажи электроэнергии на РСВ на основании данных формы 46-ЭЭ. В плане 2025г для поставщика, поставлявшего в 2025г мощность в вынужденном режиме, цена РСВ приравнивается к тарифной ставке за энергию (п.15)
D98: 9 | E98: - по факту указывается суммарный объем продажи электроэнергии в соответствии с данными формы 46-ЭЭ.
D99: 10 | E99: - в плане указываются объемы, учтенные в Сводном прогнозном балансе соответствующего периода регулирования, фактические данные заполняются на основании формы 46-ЭЭ. В плане 2025г для поставщика, поставлявшего в 2025г мощность в вынужденном режиме, полезный отпуск по РД приравнивается к совокупному полезному отпуску (п.5).
D100: 11 | E100: - по факту указывается данные в соответствии с формой 46-ЭЭ.
E102: Генеральный директор
M103: М.П.
E105: <Заместитель генерального директора по вопросам тарифообразования>
E108: Начальник ПЭО

Sheet вспом 4
D3: Список листов | L3: Приложение 4
D4: Структура топлива станции ГТУ-ТЭЦ на площадке ЦПВБ в г. Владивостоке НВ АО "ДГК"
D6: № п/п | E6: Показатели | F6: Единица измерения | G6: 2023 | H6: 2024 | I6: 2025 | J6: в среднем за 3 года | K6: 2026 | L6: 2027 (предложение станции)
D7: 1 | E7: 2 | F7: 3 | G7: 4 | H7: 5 | I7: 6 | J7: 7 | K7: 8 | L7: 9
D8: 1 | E8: Выработка электроэнергии - всего | F8: млн.кВтч | G8: 303.57021 | H8: 120.76882 | I8: 176.94 | J8: 200.42634 | K8: 65 | L8: 65
D9: 1.1 | E9: по теплофикационному циклу | F9: млн.кВтч | G9: 303.57021 | H9: 120.76882 | I9: 176.94 | J9: 200.42634 | K9: 65 | L9: 65
D10: 1.2 | E10: по конденсационному циклу (выработка ГЭС и ГАЭС) | F10: млн.кВтч | J10: 0
D11: 2 | E11: Расход электроэнергии на собств. нужды (всего, включая произв. и хоз. нужды и потери на трансформаторах) | F11: млн.кВтч | G11: 49.664803 | H11: 38.656154 | I11: 46.35 | J11: 44.890319 | K11: 43.417 | L11: 37.58
D12: 2.1 | E12: на производство электроэнергии | F12: млн.кВтч | G12: 13.293204 | H12: 7.401068 | I12: 10.36 | J12: 10.351424 | K12: 13.515024 | L12: 3.56
D13: 2.1.1 | E13: то же в % к выработке электроэнергии | F13: % | G13: 4.3789553 | H13: 6.1282939 | I13: 5.8550921 | J13: 5.1647023 | K13: 20.792345 | L13: 5.4769231
D14: 2.2 | E14: на производство теплоэнергии | F14: млн.кВтч | G14: 23.377255 | H14: 9.417252 | I14: 12.88 | J14: 15.224836 | K14: 26.018724 | L14: 8.56
D15: 2.2.1 | E15: то же в кВтч/Гкал | F15: кВтч/Гкал | G15: 28.500182 | H15: 12.847963 | I15: 15.221348 | J15: 19.035759 | K15: 30.574294 | L15: 10.580964
D16: 2.3 | E16: Расход электроэнергии на производственные и хозяйственне нужды | F16: млн.кВтч | G16: 11.117059 | H16: 20.492682 | I16: 21.71 | J16: 17.773247 | K16: 2.4586657 | L16: 24.14
D17: 2.3.1 | E17: то же в % к выработке электроэнергии | F17: % | G17: 3.6621047 | H17: 16.968521 | I17: 12.269696 | J17: 8.86772 | K17: 3.7825626 | L17: 37.138462
D18: 2.4 | E18: Расход электроэнергии на потери в трансформаторах | F18: млн.кВтч | G18: 1.877285 | H18: 1.345152 | I18: 1.4 | J18: 1.5408123 | K18: 1.4245859 | L18: 1.32
D19: 2.4.1 | E19: то же в % к выработке электроэнергии | F19: % | G19: 0.61840224 | H19: 1.113824 | I19: 0.79122867 | J19: 0.76876737 | K19: 2.1916706 | L19: 2.0307692
D20: 3 | E20: Отпуск с шин | F20: млн.кВтч | G20: 266.89975 | H20: 103.9505 | I20: 153.71 | J20: 174.85342 | K20: 25.466252 | L20: 52.88
D21: 3.1 | E21: по теплофикационному циклу | F21: млн.кВтч | G21: 266.89975 | H21: 103.9505 | I21: 153.71 | J21: 174.85342 | K21: 25.466252 | L21: 52.88
D22: 3.2 | E22: по конденсационному циклу (отпуск с шин ГЭС и ГАЭС) | F22: млн.кВтч | J22: 0
D23: 4 | E23: Полезный отпуск электроэнергии в сеть | F23: кг/ Гкал | G23: 253.90541 | H23: 82.112662 | I23: 130.59 | J23: 155.53602 | K23: 21.583 | L23: 27.42
D24: 5 | E24: Нормативный уд. расход усл.топлива на пр-во э/э | F24: г/кВтч | G24: 228.14184 | H24: 249.0801 | I24: 262.45 | J24: 242.34431 | K24: 233.5 | L24: 233.5
D25: 5.1 | E25: по теплофикационному циклу | F25: г/кВтч | G25: 228.14184 | H25: 249.0801 | I25: 262.45 | J25: 242.34431 | K25: 233.5 | L25: 233.5
D26: 5.2 | E26: по конденсационному циклу | F26: г/кВтч | J26: 0
D27: 6 | E27: Выработка теплоэнергии | F27: тыс.Гкал | G27: 820.24932 | H27: 732.97629 | I27: 846.18 | J27: 799.80187 | K27: 851 | L27: 809
D28: 7 | E28: Нормативный уд. расход усл.топлива на пр-во т/э | F28: кг/ Гкал | G28: 141.9605 | H28: 143.20108 | I28: 142.49 | J28: 142.52621 | K28: 155.8 | L28: 158.34
D29: 8 | E29: Отпуск теплоэнергии на собств. нужды | G29: 0.51057 | H29: 0.502953 | I29: 0.51 | J29: 0.507841 | K29: 0.555 | L29: 0.56
D30: 9 | E30: РАСХОД УСЛОВНОГО ТОПЛИВА | F30: тыс.тут | G30: 0 | H30: 0 | I30: 0 | J30: 0 | K30: 138.53217 | L30: 0
D31: 9.1 | E31: уголь всего, в том числе: | F31: тыс.тут | G31: 0 | H31: 0 | I31: 0 | J31: 0 | K31: 0 | L31: 0
D32: 9.1.0
E33: Добавить разрез | J33: 0
D34: 9.2 | E34: мазут | F34: тыс.тут | J34: 0 | K34: 0.31188812
D35: 9.3 | E35: газ всего, в том числе: | F35: тыс.тут | G35: 0 | H35: 0 | I35: 0 | J35: 0 | K35: 138.22028 | L35: 0
D36: 9.3.1 | E36: Газ лимитный | F36: тыс.тут | J36: 0 | K36: 138.22028
D37: 9.3.2 | E37: Газ сверхлимитный | F37: тыс.тут | J37: 0
D38: 9.3.3 | E38: Газ коммерческий | F38: тыс.тут | J38: 0
D39: 9.4 | E39: др.виды топлива | F39: тыс.тут | G39: 0 | H39: 0 | I39: 0 | J39: 0 | K39: 0 | L39: 0
D40: 9.4.0
E41: Добавить вид топлива | J41: 0
D42: 9.5 | E42: на производство э/э | F42: тыс.тут | J42: 0 | K42: 5.9463697
D43: 10 | E43: ДОЛЯ | F43: % | G43: 0 | H43: 0 | I43: 0 | J43: 0 | K43: 100 | L43: 0
D44: 10.1 | E44: уголь всего, в том числе: | F44: % | G44: 0 | H44: 0 | I44: 0 | J44: 0 | K44: 0 | L44: 0
D45: 10.1.0
G46: 0 | H46: 0 | I46: 0 | J46: 0 | K46: 0 | L46: 0
D47: 10.2 | E47: мазут | F47: % | G47: 0 | H47: 0 | I47: 0 | J47: 0 | K47: 0.22513768 | L47: 0
D48: 10.3 | E48: газ всего, в том числе: | F48: % | G48: 0 | H48: 0 | I48: 0 | J48: 0 | K48: 99.774862 | L48: 0
D49: 10.3.1 | E49: Газ лимитный | F49: % | G49: 0 | H49: 0 | I49: 0 | J49: 0 | K49: 99.774862 | L49: 0
D50: 10.3.2 | E50: Газ сверхлимитный | F50: % | G50: 0 | H50: 0 | I50: 0 | J50: 0 | K50: 0 | L50: 0
D51: 10.3.3 | E51: Газ коммерческий | F51: % | G51: 0 | H51: 0 | I51: 0 | J51: 0 | K51: 0 | L51: 0
D52: 10.4 | E52: др.виды топлива | F52: % | G52: 0 | H52: 0 | I52: 0 | J52: 0 | K52: 0 | L52: 0
D53: 10.4.0
G54: 0 | H54: 0 | I54: 0 | J54: 0 | K54: 0 | L54: 0
D55: 11 | E55: ПЕРЕВОДНОЙ КОЭФФИЦИЕНТ
D56: 11.1 | E56: уголь всего, в том числе:
D57: 11.1.0
J58: 0
D59: 11.2 | E59: мазут | J59: 0 | K59: 1.3919588
D60: 11.3 | E60: газ всего, в том числе:
D61: 11.3.1 | E61: Газ лимитный | J61: 0 | K61: 1.2285714
D62: 11.3.2 | E62: Газ сверхлимитный | J62: 0
D63: 11.3.3 | E63: Газ коммерческий | J63: 0
D64: 11.4 | E64: др.виды топлива
D65: 11.4.0
J66: 0

Sheet вспом 6
D1: Список листов | O1: Приложение 6
D2: Затраты на оплату труда
D4: № п/п | E4: Показатели | F4: Единица измерения | G4: 2025 | I4: 2026 | K4: 2027 (предложение станции) | L4: Темп роста к 2026, % | N4: Темп роста к 2025, %
G5: План (утв. органами регулирования) | H5: Факт | I5: План (утв. органами регулирования) | J5: Факт | L5: План | M5: Факт | N5: План | O5: Факт
D6: 1 | E6: 2 | F6: 3 | G6: 4 | H6: 5 | I6: 6 | J6: 7 | K6: 8 | L6: 9 | M6: 10 | N6: 11 | O6: 12
D7: 1 | E7: ЧИСЛЕННОСТЬ
D8: 1.1 | E8: Нормативная численность, в том числе: | F8: чел. | L8: 0 | M8: 0 | N8: 0 | O8: 0
D9: 1.1.1 | E9: привлеченный персонал | F9: чел. | L9: 0 | M9: 0 | N9: 0 | O9: 0
D10: 1.2 | E10: Нормативная численность ППП | F10: чел. | L10: 0 | M10: 0 | N10: 0 | O10: 0
D11: 1.2.1 | E11: без привлеченного персонала | F11: чел. | L11: 0 | M11: 0 | N11: 0 | O11: 0
D12: 1.3 | E12: Фактическая численность | F12: чел. | G12: 145.04416 | H12: 148.69957 | I12: 148.49496 | J12: 158.15772 | K12: 148.49496 | L12: 100 | M12: 93.890428 | N12: 102.37914 | O12: 99.8624
D13: 1.3.1 | E13: % отношения факта к нормативу | F13: % | G13: 0 | H13: 0 | I13: 0 | J13: 0 | K13: 0 | L13: 0 | M13: 0 | N13: 0 | O13: 0
D14: 1.4 | E14: Численность на вводы по нормативу | F14: чел. | L14: 0 | M14: 0 | N14: 0 | O14: 0
D15: 1.5 | E15: Численность, принятая для расчёта | F15: чел. | G15: 145.04416 | H15: 148.69957 | I15: 148.49496 | J15: 158.15772 | K15: 148.49496 | L15: 100 | M15: 93.890428 | N15: 102.37914 | O15: 99.8624
D16: 2 | E16: СРЕДНЯЯ ЗАРПЛАТА
D17: 2.1 | E17: Тарифная ставка рабочего 1-го разряда | F17: руб. | G17: 10998.447 | H17: 12925 | I17: 12613.298 | J17: 14191 | K17: 14758.64 | L17: 117.00857 | M17: 104 | N17: 134.1884 | O17: 114.18677
D18: 2.2 | E18: Средняя ступень оплаты труда | I18: 0 | L18: 0 | M18: 0 | N18: 0 | O18: 0
D19: 2.3 | E19: Тарифный коэффициент, соответствующий ступени по оплате труда | G19: 3.3384225 | H19: 3.4670504 | I19: 3.2885739 | J19: 3.2755649 | K19: 3.4670504 | L19: 105.42717 | M19: 105.84588 | N19: 103.85296 | O19: 100
D20: 2.4 | E20: Среднемесячная тарифная ставка ППП | F20: руб. | G20: 36717.462 | H20: 44811.627 | I20: 41479.762 | J20: 46483.542 | K20: 51168.949 | L20: 123.35883 | M20: 110.07971 | N20: 139.35862 | O20: 114.18677
D21: 2.5 | E21: Выплаты, связанные с режимом работы, с условиями труда 1 работника:
D22: 2.5.1 | E22: процент выплаты | F22: % | G22: 12.5 | H22: 15.648951 | I22: 12.5 | J22: 15.648951 | K22: 15.648951 | L22: 125.19161 | M22: 100 | N22: 125.19161 | O22: 100
D23: 2.5.2 | E23: сумма выплат | F23: руб. | G23: 4589.6828 | H23: 7012.5494 | I23: 5184.9702 | J23: 7274.1866 | K23: 8007.4037 | L23: 154.4349 | M23: 110.07971 | N23: 174.4653 | O23: 114.18677
D24: 2.6 | E24: Текущее премирование:
D25: 2.6.1 | E25: процент выплаты | F25: % | G25: 56.141697 | H25: 58.30211 | I25: 58.152358 | J25: 58.947107 | K25: 58.30211 | L25: 100.25752 | M25: 98.905805 | N25: 103.84814 | O25: 100
D26: 2.6.2 | E26: сумма выплат | F26: руб. | G26: 23190.532 | H26: 30214.588 | I26: 27136.642 | J26: 31688.626 | K26: 34501.062 | L26: 127.13829 | M26: 108.87523 | N26: 148.77219 | O26: 114.18677
D27: 2.7 | E27: Вознаграждение за выслугу лет:
D28: 2.7.1 | E28: процент выплаты | F28: % | G28: 11.541868 | H28: 11.095474 | I28: 11.807977 | J28: 11.095474 | K28: 11.095474 | L28: 93.965916 | M28: 100 | N28: 96.132394 | O28: 100
D29: 2.7.2 | E29: сумма выплат | F29: руб. | G29: 4237.881 | H29: 4972.0623 | I29: 4897.9208 | J29: 5157.5692 | K29: 5677.4374 | L29: 115.91525 | M29: 110.07971 | N29: 133.96878 | O29: 114.18677
D30: 2.8 | E30: Выплаты по итогам года:
D31: 2.8.1 | E31: процент выплаты | F31: % | J31: 5 | L31: 0 | M31: 0 | N31: 0 | O31: 0
D32: 2.8.2 | E32: сумма выплат | F32: руб. | G32: 0 | H32: 0 | I32: 0 | J32: 2324.1771 | K32: 0 | L32: 0 | M32: 0 | N32: 0 | O32: 0
D33: 2.9 | E33: Выплаты по районному коэффициенту и северные надбавки:
D34: 2.9.1 | E34: процент выплаты | F34: % | G34: 59.888559 | H34: 59.999343 | I34: 59.96017 | J34: 60 | K34: 59.999343 | L34: 100.06533 | M34: 99.998905 | N34: 100.18498 | O34: 100
D35: 2.9.2 | E35: сумма выплат | F35: руб. | G35: 41164.735 | H35: 52205.925 | I35: 47188.231 | J35: 55756.86 | K35: 59612.259 | L35: 126.32866 | M35: 106.91466 | N35: 144.8139 | O35: 114.18677
B36: 2.9 | D36: 2.9
D37: 2.9.1
D38: 2.9.2
E39: Добавить
D40: 3 | E40: ИТОГО среднемесячная оплата труда на 1 работника | F40: руб. | G40: 109900.29 | H40: 139216.75 | I40: 125887.53 | J40: 148684.96 | K40: 158967.11 | L40: 126.2771 | M40: 106.91539 | N40: 144.64667 | O40: 114.18677
D41: 4 | E41: РАсчёт ФОТ (вкл. в расходы на производство продукции (услуг))
D42: 4.1 | E42: льготный проезд к месту отдыха | F42: тыс.руб. | L42: 0 | M42: 0 | N42: 0 | O42: 0
D43: 4.2 | E43: по постановлению N1206 от 3.11.94 | F43: тыс.руб. | L43: 0 | M43: 0 | N43: 0 | O43: 0
D44: 4.3 | E44: прочие | F44: тыс.руб. | L44: 0 | M44: 0 | N44: 0 | O44: 0
E46: Количество месяцев в периоде регулирования | G46: 12 | H46: 12 | I46: 12 | J46: 12 | K46: 12
D48: 4.4 | E48: ИТОГО средства на оплату труда ППП | F48: тыс.руб. | G48: 191284.74 | H48: 248417.65 | I48: 224323.96 | J48: 282188.09 | K48: 283269.78 | L48: 126.2771 | M48: 100.38332 | N48: 148.08801
E51: Начальник ПЭО
